AoeStats
← prontoelpibe

Arabia

510204585Analyzed
1v1 RM · 2d ago on Sep 29, 2026· 27m 25s· 2 players
Game mode
Random Map
Map size
Tiny (2 player)
Population
200
Speed
Normal
Resources
Standard
Victory
Conquest
Starting age
Dark Age
Ending age
Imperial Age
RankedLock teamsTeams togetherTeam positionsShared explorationLock speedFull tech treeHidden civsTurbo modeCheats
Victory
Defeat
🇺🇾 Burgundians · Uruguay
579
+14
🇧🇷 Lithuanians · Brazil
542
-14
Dr Tiamate
7:21 Loom
10:16 Feudal Age
12:10 Wheelbarrow
13:05 Wheelbarrow
13:05 Double-Bit Axe
19:49 Fletching
20:09 Forging
21:25 Bloodlines
prontoelpibe
3:26 Loom
12:54 Feudal Age
13:10 Horse Collar
14:39 Double-Bit Axe
16:01 Man-at-Arms
17:15 Town Watch
17:25 Arson
Connection lost

Rejoining the realm…

Still unreachable

The connection could not be restored.

Session expired

The server has moved on; the page needs a fresh start.